 Dungeon Crawl Stone Soup version 0.30-b1-2-g02819fbbbe (webtiles) character file.

Game seed: 2201620728059913066

4005 Dirian the Protected (level 10, -4/86 HPs)
             Began as a Minotaur Berserker on May 20, 2023.
             Was an Elder of Trog.
             Slain by a vampire (8 damage)
             ... on level 9 of the Dungeon.
             The game lasted 00:10:30 (8425 turns).

Dirian the Protected (Minotaur Berserker)           Turns: 8425, Time: 00:10:30

Health: -4/86      AC: 13    Str: 26    XL:     10   Next: 3%
Magic:  9/9        EV:  8    Int:  4    God:    Trog [****..]
Gold:   294        SH:  0    Dex: 10    Spells: 9/9 levels left

rFire   + . .        a - +0 hand axe
rCold   . . .        x - +0 kite shield
rNeg    . . .        e - +0 chain mail
rPois   +            (helmet restricted)
rElec   .            (no cloak)
rCorr   .            u - +0 pair of gloves
SInv    .            (no boots)
Will    .....        (no amulet) Stlth
                     C - ring of poison resistance
HPRegen 0.34/turn    B - ring of protection from fire
MPRegen 0.11/turn

%: no passive effects
@: confused, on berserk cooldown, slowed, very slow
A: horns 2, retaliatory headbutt
a: Renounce Religion, Berserk, Trog's Hand, Brothers in Arms


You were on level 9 of the Dungeon.
You worshipped Trog.
Trog was greatly pleased with you.
You visited 1 branch of the dungeon, and saw 9 of its levels.

You collected 438 gold pieces.
You spent 144 gold pieces at shops.

Inventory:

Hand Weapons
 a - a +0 hand axe (weapon)
 I - a +0 flail
Missiles
 s - 2 throwing nets (quivered)
Armour
 e - a +0 chain mail (worn)
 u - a +0 pair of gloves (worn)
 x - a +0 kite shield (worn)
Jewellery
 z - a ring of ice
 B - a ring of protection from fire (right hand)
 C - a ring of poison resistance (left hand)
Wands
 k - a wand of flame (44)
 o - a wand of iceblast (7)
Scrolls
 h - a scroll of torment {unknown}
 i - a scroll of poison {unknown}
 j - 2 scrolls of magic mapping {unknown}
 l - 3 scrolls of acquirement {unknown}
 m - a scroll of summoning {unknown}
 p - a scroll of brand weapon {unknown}
 t - a scroll of teleportation
 v - a scroll of blinking {unknown}
 w - 2 scrolls of enchant weapon {unknown}
 y - 2 scrolls of fear {unknown}
 A - 3 scrolls of amnesia {unknown}
 D - a scroll of silence {unknown}
 E - a scroll of enchant armour {unknown}
 H - a scroll of immolation
 J - a scroll of noise {unknown}
Potions
 b - 2 potions of flight
 c - a potion of berserk rage {unknown}
 d - 5 potions of invisibility
 f - 3 potions of attraction
 g - a potion of mutation
 n - 4 potions of resistance
 q - 4 potions of curing
 r - a potion of degeneration {unknown}
 F - a potion of brilliance {unknown}
 G - a potion of haste {unknown}


   Skills:
 + Level 7.3 Fighting
 + Level 10.6 Axes
 + Level 11.1 Armour
 - Level 2.1 Dodging
 * Level 6.0 Shields
 + Level 0.4 Evocations


You had 9 spell levels left.
You didn't know any spells.
Your spell library was empty.

Dungeon Overview and Level Annotations

Branches:
Dungeon (9/15) Zot: 26916  Temple (0/1) D:4
   Lair: D:8-11         Orc: D:9-12

Altars:
Dithmenos
Hepliaklqana
Kikubaaqudgha
Okawaru
Qazlal
Trog
The Shining One

Shops:
D:8 *

Portals:
Abyss: D:4

Annotations:
D:4 2 transporters, Discosetron's ghost, amateur DjVM


Innate Abilities, Weirdness & Mutations

You have a pair of horns on your head.
You reflexively headbutt those who attack you in melee.


Message History

The vampire casts a spell.
The vampire flickers and vanishes!
Deactivating autopickup; reactivate with Ctrl-A.
You barely miss something. You hit something but do no damage.
Something hits you. Something bites you but does no damage.
You miss something.
You are no longer berserk.
You are exhausted.
You feel yourself slow down. Something hits you but does no damage.
You block something's attack.
An orc warrior comes into view. It is wielding a +0 flail.
You closely miss something. Something hits you but does no damage.
Something bites you.
Something draws strength from your injuries!
You slash something!
A centaur warrior comes into view. It is wielding a +0 club.
Something hits you! Something bites you.
* * * LOW HITPOINT WARNING * * *
Something draws strength from your injuries!
You hit something but do no damage. Something hits you but does no damage.
Something bites you!
* * * LOW HITPOINT WARNING * * *
Something draws strength from your injuries!
The centaur warrior hits you but does no damage.
You block the centaur warrior's attack.
You miss something. You headbutt something!
You hit the centaur warrior but do no damage.
You are no longer corroded.
The centaur warrior hits you but does no damage.
The centaur warrior kicks you but does no damage.
You hear some strange, mumbled words.
You are confused.
The centaur warrior hits you with a +0 club!
* * * LOW HITPOINT WARNING * * *
The centaur warrior kicks you but does no damage.
Something hits you.
* * * LOW HITPOINT WARNING * * *
Something bites you!
You die...

# # #. . # #.# # .#.
#...###.. ..#.#o# #
#.#..{# .## # #..@##...#
.#.#####c.# #.#..#..###
#. #. #.))#######.. #.#
#.####.......####.#
####...............#####
.......................#
........#######.........
........................


You could see a centaur warrior and an orc warrior.

Vanquished Creatures
  A hornet (D:7)
  5 yaks (D:8)
  A wyvern (D:9)
  2 steam dragons
  An acid dragon (D:9)
  2 water moccasins
  An orc warrior (D:8)
  An ice beast (D:7)
  A sky beast (D:7)
  A black bear (D:7)
  2 ogres
  2 phantoms
  A centaur (D:8)
  2 kobold brigands
  3 bullfrogs
  3 scorpions
  3 wights (D:9)
  2 electric eels (D:7)
  A jelly (D:8)
  7 howler monkeys
  3 hounds
  A sleepcap (D:5)
  Ijyb (D:3)
  Terence (D:3)
  2 iguanas
  3 orc wizards (D:8)
  9 adders
  A shadow imp (D:7)
  2 white imps
  An ufetubus (D:6)
  6 worms
  2 dart slugs
  19 orcs
  11 ball pythons
  5 bats
  6 endoplasms
  3 giant cockroaches
  7 hobgoblins
  7 jackals
  3 quokkas
  7 frilled lizards
  3 goblins
  14 kobolds
  6 rats
165 creatures vanquished.

Vanquished Creatures (others)
  A human (D:4)
1 creature vanquished.

Grand Total: 166 creatures vanquished

Notes
Turn   | Place    | Note
-------+----------+-------------------------------------------
     0 | D:1      | Dirian the Minotaur Berserker began the quest for the Orb.
     0 | D:1      | Reached XP level 1. HP: 19/19 MP: 0/0
   283 | D:1      | Reached XP level 2. HP: 27/27 MP: 1/1
   973 | D:2      | Reached skill level 3 in Armour
   973 | D:2      | Reached XP level 3. HP: 33/33 MP: 2/2
  1075 | D:2      | Reached ** piety under Trog
  1576 | D:2      | Reached XP level 4. HP: 37/41 MP: 3/3
  2141 | D:3      | Noticed Terence
  2147 | D:3      | Reached skill level 5 in Axes
  2149 | D:3      | Killed Terence
  2257 | D:3      | Found an iron altar of Okawaru.
  2304 | D:3      | Reached skill level 4 in Armour
  2477 | D:3      | Reached XP level 5. HP: 44/47 MP: 4/4
  2517 | D:3      | Noticed Ijyb
  2524 | D:3      | Killed Ijyb
  2747 | D:3      | Found a stormy altar of Qazlal.
  2900 | D:4      | Found a staircase to the Ecumenical Temple.
  2964 | D:4      | Noticed a phantom
  2968 | D:4      | Killed a phantom
  2979 | D:4      | Reached skill level 5 in Armour
  2979 | D:4      | Reached XP level 6. HP: 51/55 MP: 5/5
  3032 | D:4      | Found a bloodstained altar of Trog.
  3036 | D:4      | Found a transporter.
  3135 | D:4      | Found a transporter.
  3311 | D:4      | Found a one-way gate to the infinite horrors of the Abyss.
  3311 | D:4      | Noticed Discosetron's ghost (amateur DjVM)
  3462 | D:4      | Reached *** piety under Trog
  3636 | D:4      | Found an ancient bone altar of Kikubaaqudgha.
  3637 | D:4      | Noticed a human
  3639 | D:4      | Killed a human
  3843 | D:5      | Entered Level 5 of the Dungeon
  3862 | D:5      | Reached skill level 5 in Fighting
  4055 | D:5      | Reached skill level 6 in Armour
  4159 | D:5      | Noticed a steam dragon
  4366 | D:5      | Reached XP level 7. HP: 38/61 MP: 6/6
  4476 | D:5      | Killed a steam dragon
  4581 | D:5      | Reached skill level 7 in Armour
  4876 | D:3      | Found a shadowy altar of Dithmenos.
  4986 | D:6      | Noticed a steam dragon
  4991 | D:6      | Killed a steam dragon
  5041 | D:6      | Reached XP level 8. HP: 70/70 MP: 7/7
  5058 | D:6      | Reached skill level 8 in Armour
  5109 | D:6      | Reached skill level 1 in Shields
  5846 | D:7      | Noticed a hornet
  5861 | D:7      | Killed a hornet
  5862 | D:7      | Reached skill level 9 in Armour
  6430 | D:7      | Reached XP level 9. HP: 74/78 MP: 8/8
  7085 | D:8      | Found a hazy altar of Hepliaklqana.
  7189 | D:8      | Reached **** piety under Trog
  7195 | D:8      | Reached skill level 10 in Armour
  7292 | D:8      | Found a glowing golden altar of the Shining One.
  7779 | D:8      | Reached skill level 5 in Shields
  7788 | D:8      | Reached skill level 10 in Axes
  8032 | D:8      | Found Zogyimi's General Store.
  8035 | D:8      | Bought a scroll of identify for 32 gold pieces
  8035 | D:8      | Bought a potion of flight for 48 gold pieces
  8035 | D:8      | Bought a scroll of immolation for 64 gold pieces
  8353 | D:9      | Reached skill level 11 in Armour
  8412 | D:9      | Reached XP level 10. HP: 75/86 MP: 9/9
  8423 | D:9      | Noticed a centaur warrior
  8425 | D:9      | HP: 4/86 [something (2)]
  8425 | D:9      | Slain by a vampire

Illustrated notes

Levels and vault maps discovered:
D:1:      amcnicky_arrival_underground_garden, layout_loops_corners
D:2:      layout_basic, minmay_pentomino_w2
D:3:      layout_loops_ring, nicolae_overflow_hidden_temple,
          amcnicky_mini_corridor_feature, uniq_ijyb, uniq_terence
D:4:      layout_basic, lemuel_tele_altar, tgw_kikubaaqudgha,
          minmay_temple_entry_statues, gammafunk_ghost_abyssal_escape,
          serial_bayou_lagoon_a
D:5:      layout_cave_pools, nicolae_wormholes
D:6:      layout_loops_ring
D:7:      layout_layer_cave, kennysheep_path_1
D:8:      layout_basic, general_overflow_altar, nicolae_tso_carved_into_rock,
          serial_shops, nicolae_shop_behind_doors, kennysheep_decorative_pillar
D:9:      minmay_ornate_pinched, layout_basic, corner_web_ring

Skill      XL: |  1  2  3  4  5  6  7  8  9 |
---------------+----------------------------+-----
Fighting       | 4 5 6 7 |  7.3
Axes           | 4 5 6 7 9 10 | 10.6
Armour         | 3 4 5 6 7 9 11 | 11.1
Shields        | 3 6 |  6.0
Dodging        | |  2.1
Evocations     | |  0.4

Action                     |  1- 3 |  4- 6 |  7- 9 | 10-12 || total
---------------------------+-------+-------+-------+-------++-------
  Melee: Hand axe          |    84 |   157 |   288 |    12 ||   541
         Headbutt          |     7 |    26 |    56 |     3 ||    92
         Punch             |     1 |     4 |       |       ||     5
 Invoke: Berserk           |       |     1 |     5 |       ||     6
  Evoke: Wand              |       |       |     3 |       ||     3
    Use: Scroll            |       |     4 |     2 |       ||     6
 Armour: Scale mail        |    34 |    55 |     2 |       ||    91
         Animal skin       |     1 |       |       |       ||     1
         Chain mail        |       |       |   107 |    10 ||   117
  Dodge: Dodged            |    42 |    84 |    93 |       ||   219
  Block: Kite shield       |       |       |    71 |     4 ||    75
